 Dungeon Crawl Stone Soup version 0.31.0-11-ge490571c62 (webtiles) character file.

Game seed: 2061070367842431474

196 qw the Skirmisher (level 5, -2/29 HPs)
             Began as a Deep Elf Hunter on Feb 4, 2024.
             Slain by a hobgoblin (5 damage)
             ... led by Robin
             ... on level 3 of the Dungeon.
             The game lasted 00:00:06 (1315 turns).

qw the Skirmisher (Deep Elf Hunter)                 Turns: 1315, Time: 00:00:07

Health: -2/29      AC:  7    Str: 10    XL:     5   Next: 45%
Magic:  7/7        EV: 11    Int: 14    God:
Gold:   179        SH:  0    Dex: 18    Spells: 4/4 levels left

rFire   . . .        a - +2 shortbow
rCold   . . .        (shield currently unavailable)
rNeg    . . .        d - +0 ring mail
rPois   .            (no helmet)
rElec   .            j - +0 cloak
rCorr   .            l - +0 pair of gloves
SInv    .            (no boots)
Will    .....        (no amulet)
Stlth   +            (no ring)
HPRegen 0.24/turn    (no ring)
MPRegen 0.10/turn

%: no passive effects
@: no status effects
A: no striking features
a: no special abilities


You were on level 3 of the Dungeon.
You visited 1 branch of the dungeon, and saw 3 of its levels.

You collected 179 gold pieces.


   Skills:
 + Level 1.6 Fighting
 - Level 9.0 Ranged Weapons
 - Level 2.4 Dodging
 - Level 1.2 Stealth


You had 4 spell levels left.
You didn't know any spells.
Your spell library was empty.

Inventory:

Hand Weapons
 a - a +2 shortbow (weapon)
Armour
 d - a +0 ring mail (worn)
 j - a +0 cloak (worn)
 l - a +0 pair of gloves (worn)
Scrolls
 e - 2 scrolls of identify
Potions
 b - 2 potions of mutation
 c - a potion of resistance {unknown}
 k - 3 potions of curing

Dungeon Overview and Level Annotations

Branches:
Dungeon (3/15)

Altars:

Annotations:
D:3 Robin


Message History

You kill the goblin!
The goblin hits you with a +0 dagger. The goblin closely misses you.
Your Ranged Weapons skill increases to level 9!
You shoot an arrow. The arrow hits the goblin.
The goblin is heavily wounded.
The goblin barely misses you. x2; The goblin hits you with a +0 club.
Robin throws the goblin at you!
You shoot an arrow. The arrow barely misses the goblin.
The goblin misses you. The goblin closely misses you. The goblin misses you.
You shoot an arrow. The arrow hits the goblin.
The goblin is severely wounded.
The goblin hits you with a +0 club. The goblin hits you but does no damage.
The goblin barely misses you. The hobgoblin misses you.
The goblin hits you with a +0 club.
You shoot an arrow. The arrow hits the goblin.
You kill the goblin!
The goblin hits you with a +0 club. The goblin hits you with a +0 dagger.
The hobgoblin hits you. The goblin hits you but does no damage.
The goblin misses you.
The hobgoblin hits you but does no damage.
Robin hits you from afar with a +0 trident.
The hobgoblin hits you but does no damage.
The goblin hits you but does no damage. The goblin hits you with a +0 dagger.
You shoot an arrow. The arrow hits the hobgoblin!
You kill the hobgoblin!
The goblin no longer looks unusually strong.
The hobgoblin barely misses you. The goblin hits you but does no damage.
The goblin barely misses you.
Robin roars a battlecry!
The goblin goes into a battle-frenzy!
The goblin hits you but does no damage.
You shoot an arrow. The arrow completely misses the goblin.
The goblin misses you. The hobgoblin barely misses you.
The goblin hits you but does no damage. x2; Robin misses you.
The goblin barely misses you.
You shoot an arrow. The arrow hits the goblin.
You kill the goblin!
The goblin hits you but does no damage. The goblin barely misses you.
The goblin hits you with a +0 club. The hobgoblin hits you.
You die...

#.....#..########
####..........).....#
#................#
#............ ...#
#..(......####...#
#.........#..#...#
#.........#)[#g.#
#.........##)#).#
########.....@g.#
#....ggg.# ##########


You could see Robin, a hobgoblin (strong) and 3 goblins.

Vanquished Creatures
  A phantom (D:3)
  An iguana (D:3)
  A gnoll (D:3)
  4 adders
  A ribbon worm (D:3)
  An orc (D:3)
  4 ball pythons
  5 endoplasms
  3 giant cockroaches
  7 goblins
  4 hobgoblins
  2 jackals (D:1)
  A quokka (D:1)
  2 bats (D:1)
  5 frilled lizards (D:1)
  7 kobolds
  3 rats
52 creatures vanquished.

Notes
Turn   | Place    | Note
-------+----------+-------------------------------------------
     0 | D:1      | qw the Deep Elf Hunter began the quest for the Orb.
     0 | D:1      | Reached XP level 1. HP: 12/12 MP: 3/3
     0 | D:1      | 0 ||| qw: Version: 0.3-a-160-g6735b56
     0 | D:1      | 0 ||| qw: Game counter: 4331
     0 | D:1      | 0 ||| qw: Melee chars always use a shield: true
     0 | D:1      | 0 ||| qw: God list: Okawaru
     0 | D:1      | 0 ||| qw: Allow faded altars: false
     0 | D:1      | 0 ||| qw: Do Orc after clearing Dungeon:15 true
     0 | D:1      | 0 ||| qw: Do second Lair branch before Depths: true
     0 | D:1      | 0 ||| qw: Lair rune preference: random
     0 | D:1      | 0 ||| qw: Goals: Normal
     0 | D:1      | 0 ||| PLANNING D:1-11
   109 | D:1      | Reached XP level 2. HP: 16/16 MP: 4/4
   118 | D:1      | Reached skill level 6 in Ranged Weapons
   546 | D:1      | 546 ||| UPGRADING to +0 ring mail.
   556 | D:1      | 556 ||| DROPPING +0 leather armour.
   557 | D:1      | 557 ||| UPGRADING to +0 cloak.
   562 | D:1      | 562 ||| UPGRADING to +0 pair of gloves.
   567 | D:1      | 567 ||| READING 2 scrolls labelled KAYQACZ ZAXT.
   567 | D:1      | 567 ||| IDENTIFYING fuming emerald potion
   568 | D:1      | 568 ||| READING scroll of identify.
   568 | D:1      | 568 ||| IDENTIFYING blue potion
   569 | D:1      | 569 ||| READING scroll labelled SOCVIA KEGUPS.
   572 | D:1      | 572 ||| READING 2 scrolls labelled NAEGUE WAFFIOMAE.
   572 | D:1      | 572 ||| ENCHANTING +0 shortbow.
   573 | D:1      | 573 ||| READING scroll of enchant weapon.
   573 | D:1      | 573 ||| ENCHANTING +1 shortbow.
   574 | D:1      | 574 ||| DROPPING scroll of butterflies.
   575 | D:1      | 575 ||| DROPPING potion of degeneration.
   576 | D:1      | 576 ||| DROPPING potion of brilliance.
   628 | D:2      | 628 ||| STAIRDANCE
   632 | D:1      | Reached XP level 3. HP: 19/20 MP: 5/5
   647 | D:2      | Reached skill level 7 in Ranged Weapons
   944 | D:2      | Found a faded altar of an unknown god.
   999 | D:2      | 999 ||| READING scroll of identify.
   999 | D:2      | 999 ||| IDENTIFYING fizzy brown potion
  1000 | D:2      | 1000 ||| READING scroll labelled SIYR XUSEO.
  1001 | D:2      | 1001 ||| READING scroll labelled HAPPA QUNOOSHRI.
  1002 | D:2      | 1002 ||| DRINKING 4 fuming puce potions.
  1037 | D:3      | Reached XP level 4. HP: 25/25 MP: 6/6
  1065 | D:3      | Noticed a phantom
  1072 | D:3      | Killed a phantom
  1073 | D:3      | Reached skill level 8 in Ranged Weapons
  1073 | D:3      | Reached XP level 5. HP: 28/29 MP: 7/7
  1195 | D:3      | 1195 ||| FLEEEEING.
  1196 | D:3      | 1196 ||| FLEEEEING.
  1197 | D:3      | 1197 ||| FLEEEEING.
  1303 | D:3      | Noticed Robin
  1309 | D:3      | Reached skill level 9 in Ranged Weapons
  1312 | D:3      | HP: 6/29 [Robin/+0 trident (2)]
  1315 | D:3      | Slain by a hobgoblin

Levels and vault maps discovered:
D:1:      nagdon_arrival_zigzag_paths, layout_basic, minmay_statues_item
D:2:      layout_rooms, ebering_ecumenical_altar_mist
D:3:      minmay_inner_zag, layout_rooms, corexii_shack,
          dilly_guarded_unrand_morg, uniq_robin

Skill      XL: |  1  2  3  4  5 |
---------------+----------------+-----
Ranged Weapons | 6 7 8 9 |  9.0
Fighting       | |  1.6
Dodging        | |  2.4
Stealth        | |  1.2

Action                     |  1- 3 |  4- 6 || total
---------------------------+-------+-------++-------
   Fire: Shortbow          |    90 |    53 ||   143
    Use: Scroll            |     8 |       ||     8
         Potion            |     1 |       ||     1
 Armour: Leather armour    |    14 |       ||    14
         Ring mail         |     5 |    38 ||    43
  Dodge: Dodged            |    23 |    23 ||    46

Table legend:
 A = Non-vault XP
 B = Vault XP
 C = Vault XP percentage of total XP
 D = Non-vault monster count
 E = Vault monster count
 F = Vault count percentage of total count
                 A         B        C        D         E       F
            +---------+---------+-------+---------+---------+-------
      Total |     211 |      71 |  25.2 |      40 |      12 |  23.1
            +---------+---------+-------+---------+---------+-------
        D:1 |      52 |       0 |   0.0 |      26 |       0 |   0.0
        D:2 |      34 |       0 |   0.0 |       6 |       0 |   0.0
        D:3 |     125 |      71 |  36.2 |       8 |      12 |  60.0
            +---------+---------+-------+---------+---------+-------
